 Dungeon Crawl Stone Soup version 0.20.1-1-g8b1a95d (webtiles) character file.

51 vishdafish the Skirmisher (level 3, -3/30 HPs)
             Began as a Demonspawn Fighter on July 3, 2017.
             Killed from afar by a white imp (10 damage)
             ... with a puff of frost
             ... summoned by Natasha
             ... on level 2 of the Dungeon.
             The game lasted 00:02:06 (917 turns).

vishdafish the Skirmisher (Demonspawn Fighter)       Turns: 917, Time: 00:02:06

Health: -3/30      AC:  8    Str: 17    XL:     3   Next: 58%
Magic:  3/3        EV:  7    Int:  9    God:
Gold:   50         SH: 11    Dex: 12    Spells: 2/2 levels left

rFire    . . .     SeeInvis .   a - +0 trident
rCold    . . .     Gourm    .   l - +2 shield
rNeg     . . .     Faith    .   b - +0 scale mail
rPois    .         Spirit   .   (no helmet)
rElec    .         Reflect  .   (no cloak)
rCorr    .         Harm     .   (no gloves)
MR       .....                  (no boots)
Stlth    ..........             (no amulet)
Regen    0.1/turn               (no ring)
MPRegen  0.1/turn               (no ring)

@: slowed, invisible, very slow
A: slimy green scales 1, powered by death 1
a: no special abilities


You were on level 2 of the Dungeon.
You were not hungry.

You visited 1 branch of the dungeon, and saw 2 of its levels.

You collected 50 gold pieces.

Inventory:

Hand Weapons
 a - a +0 trident (weapon)
Armour
 b - a +0 scale mail (worn)
 c - a +0 shield
 l - a +2 shield (worn)
Wands
 m - a wand of lightning (3/15)
Scrolls
 e - a scroll of recharging {unknown}
 h - a scroll of enchant weapon {unknown}
 i - a scroll of identify
 k - 2 scrolls of fog
 n - a scroll of enchant armour {unknown}
 p - a scroll of teleportation {unknown}
Potions
 d - 2 potions of might
 o - a potion of ambrosia {unknown}
Comestibles
 f - a bread ration
 g - 3 meat rations


   Skills:
 + Level 3.8 Fighting
 - Level 2.0 Polearms
 + Level 3.1 Armour
 + Level 3.0 Shields


You had 2 spell levels left.
You didn't know any spells.

Dungeon Overview and Level Annotations

Branches:
Dungeon (2/15)

Altars:

Annotations:
D:2 Natasha


Innate Abilities, Weirdness & Mutations

You are partially covered in slimy green scales. (AC +2)
You regenerate a little health from kills.


Message History

You hit Natasha but do no damage.
Natasha is heavily wounded.
Natasha mumbles some strange words.
You block Natasha's attack.
You closely miss the white imp.
The white imp hits you but does no damage.
Natasha claws you.
* * * LOW HITPOINT WARNING * * *
As you read the scroll labeled ILOQAA IHOSSO, it crumbles to dust.
It is a scroll of identify.
k - 2 scrolls of fog Natasha completely misses you.
You block the white imp's attack. Natasha claws you.
* * * LOW HITPOINT WARNING * * *
The white imp hits you but does no damage.
It was a potion of invisibility.
You fade into invisibility!
The white imp gestures at you. The puff of frost hits you!
You die...

#.## #.#.# #.# #...
#.#.# #.#
##..#####.#.####.#
###................###
.....#####...........
#..#####.###.######
#........# #.#
##5####### #.# #@# #.#
#h# #.# #g# #(######
#S# #..... ... #.####
... #.# ... #.# .....
#.# #.#


You could see Natasha, an adder, a white imp and a hobgoblin.

Vanquished Creatures
  An adder (D:2)
  2 oozes (D:1)
  A worm (D:2)
  A dart slug (D:1)
  A leopard gecko (D:1)
  4 bats (D:1)
  4 goblins
  4 hobgoblins
  A quokka (D:2)
  A frilled lizard (D:1)
  5 kobolds (D:1)
  3 rats
28 creatures vanquished.

Notes
Turn   | Place    | Note
-------+----------+-------------------------------------------
     0 | D:1      | vishdafish the Demonspawn Fighter began the quest for the Orb.
     0 | D:1      | Reached XP level 1. HP: 18/18 MP: 1/1
    88 | D:1      | Gained mutation: You are partially covered in slimy green scales. (AC +2) [demonic ancestry]
    88 | D:1      | Reached XP level 2. HP: 24/24 MP: 2/2
   530 | D:1      | Gained mutation: You regenerate a little health from kills. [demonic ancestry]
   530 | D:1      | Reached XP level 3. HP: 29/29 MP: 3/3
   902 | D:2      | Noticed Natasha
   917 | D:2      | Killed from afar by a white imp

Skill      XL: |  1  2  3 |
---------------+----------+-----
Polearms       | 2 |  2.0
Armour         | 3 |  3.1
Shields        | 3 |  3.0
Fighting       | |  3.8

Action                   || total
-------------------------++-------
Melee: Trident           ||    89
  Use: Scroll            ||     1
       Potion            ||     1
Armor: Scale mail        ||    29
Dodge: Dodged            ||    17
Block: Shield            ||    31
